 Dungeon Crawl Stone Soup version 0.17-a0-1840-g87820a2 (webtiles) character file.

7784 4thArraOfDagon the Cleaver (level 11, -4/150 HPs)
             Began as a Deep Dwarf Berserker on Sept 16, 2015.
             Was a Follower of Trog.
             Slain by Maud
             ... wielding a +2 scimitar of distortion
              (13 damage)
             ... on level 6 of the Lair of Beasts.
             The game lasted 00:13:13 (1819 turns).

4thArraOfDagon the Cleaver (Deep Dwarf Berserker)   Turns: 1819, Time: 00:13:13

Health: -4/150     AC: 13    Str: 28 (29) XL:     11   Next: 1%
Magic:  15/15      EV: 11    Int:  8      God:    Trog [*.....]
Gold:   225        SH:  0    Dex: 11      Spells: 0 memorised, 10 levels left

rFire  . . .     SeeInvis .     g - +0 war axe
rCold  . . .     Clarity  +     e - +1 scale mail
rNeg   . . .     SustAt   .     (no shield)
rPois  .         Gourm    .     (helmet restricted)
rElec  .         Spirit   .     (no cloak)
rCorr  .         Warding  .     (no gloves)
rMut   .         Rnd*Tele +     (no boots)
MR     +....                    i - amulet of clarity
Stlth  ..........               (no ring)
                                u - ring of teleportation (curse)

@: berserking, very slightly contaminated, non-regenerating, hasted and slowed,
somewhat resistant to hostile enchantments, extremely unstealthy
A: damage resistance, recharge devices, antennae 1, rough black scales 1, sense
surroundings 2, slow healing 3
a: Device Recharging, Burn Spellbooks, Berserk, Renounce Religion, Evoke
Teleportation


You were on level 6 of the Lair of Beasts.
You worshipped Trog.
Trog was aware of your devotion.
You were not hungry.

You visited 2 branches of the dungeon, and saw 16 of its levels.

You collected 225 gold pieces.

Inventory:

Hand weapons
 a - a +0 hand axe
 g - a +0 war axe (weapon)
 m - a cursed +0 blowgun
Armour
 e - a +1 scale mail (worn)
 k - a +0 cloak
Magical staves
 r - an uncursed staff of conjuration {unknown}
Jewellery
 i - an amulet of clarity (around neck)
 u - a cursed ring of teleportation (left hand)
Magical devices
 b - a wand of paralysis (6)
 c - a wand of heal wounds (4)
 n - a wand of lightning (1)
Potions
 s - a potion of curing
Books
 t - a Young Poisoner's Handbook

   Spells                             Type                      Level
   a - Sting                          Conjuration/Poison           1
   b - Cure Poison                    Poison                       2
   c - Mephitic Cloud                 Conjuration/Poison/Air       3
   d - Olgreb's Toxic Radiance        Poison                       4
   e - Venom Bolt                     Conjuration/Poison           5
   Trog disapproves of the use of such an item.
Comestibles
 d - 4 bread rations
 h - 2 beef jerkies
 j - 2 meat rations
 l - 3 slices of pizza
 o - 12 chunks of flesh
 p - 8 fruits


   Skills:
 + Level 7.5 Fighting
 * Level 12.0 Axes
 + Level 8.6 Armour
 - Level 2.1 Dodging
 * Level 9.8 Evocations


You had 10 spell levels left.
You didn't know any spells.

Dungeon Overview and Level Annotations

Branches:
Dungeon (10/15)              Lair (6/8) D:9          Shoals (0/4) Lair:5
 Spider (0/4) Lair:4
 Temple: D:4-7        Slime: Lair:6-8       Orc: D:9-12

Altars:

Shops:
D:5 =

Annotations:
Lair:2 Harold
Lair:6 Maud


Innate Abilities, Weirdness & Mutations

You are resistant to damage.
You can recharge devices by infusing magical energy.
You passively map the area around you.
You do not heal naturally.
You have a pair of small antennae on your head.
You are partially covered in rough black scales (AC +4, Dex -1).


Message History

The death yak closely misses you. The wraith hits you.
Unknown command.
Unknown command.
You barely miss the death yak.
The death yak is severely wounded.
You hit Maud but do no damage.
Maud is lightly wounded.
You slash the death yak!
The death yak is severely wounded.
You hit the wraith.
The wraith is severely damaged.
You slash the wraith!
You destroy the wraith!
You have reached level 11!
You slash the death yak!
The death yak is heavily wounded.
You slash the death yak!
The death yak is heavily wounded.
Maud hits you with a scimitar of distortion!
You die...

...................[.PP#. ,
................^........ ,
, .........................
, .................!.......
, .........................
,
.........................**
*
.......................##*
, ...............Y§Y.......
,,,*
...............Y@........
,, ,
.....(.........@YW....P#P,
.^..............Y........,
....................<.##. ,
####...##..............# ,
# ,...## ..............# ,
,..#.# ,............... ,,
P##.. ..............., , ,
, # ...* , , , , , , ,


You could see Maud, 4 death yaks, a yak and a wraith.

Vanquished Creatures
  Nessos (Lair:5)
  A death yak (Lair:6)
  A griffon (Lair:5)
  A wolf spider (Lair:4)
  A manticore (Lair:5)
  An elephant (D:9)
  A spiny frog (Lair:5)
  A komodo dragon (Lair:3)
  5 blink frogs (Lair:6)
  10 yaks
  A hippogriff (Lair:5)
  A wraith (Lair:6)
  2 water moccasins
  3 porcupines (Lair:2)
  A centaur (D:6)
  A sky beast (D:6)
  5 crocodiles
  2 giant frogs
  A jelly (D:9)
  An iguana (Lair:5)
  Natasha (D:3)
  14 sheep
  2 worker ants (Lair:5)
  An orc (D:6)
  A bat (D:3)
  2 giant cockroaches
  2 jackals (D:8)
  A quokka (D:3)
  A giant newt (D:3)
  2 fungi
68 creatures vanquished.

Notes
Turn   | Place    | Note
--------------------------------------------------------------
     0 | D:1      | 4thArraOfDagon the Deep Dwarf Berserker began the quest for the Orb.
     0 | D:1      | Reached XP level 1. HP: 20/20 MP: 1/1
    52 | D:1      | You fall through a shaft!
   226 | D:3      | Noticed Natasha
   238 | D:3      | Noticed a crimson imp
   247 | D:3      | Killed Natasha
   247 | D:3      | Reached skill level 4 in Axes
   247 | D:3      | Reached XP level 2. HP: 27/28 MP: 2/2
   247 | D:3      | Reached XP level 3. HP: 32/34 MP: 3/3
   302 | D:5      | Entered Level 5 of the Dungeon
   308 | D:5      | Found Poaliem's Jewellery Boutique.
   369 | D:6      | Noticed a centaur
   375 | D:6      | Killed a centaur
   375 | D:6      | Reached XP level 4. HP: 33/42 MP: 4/4
   376 | D:6      | Noticed a sky beast
   438 | D:6      | Killed a sky beast
   438 | D:6      | Reached skill level 5 in Axes
   438 | D:6      | Reached XP level 5. HP: 37/50 MP: 5/5
   445 | D:6      | Gained mutation: You passively map the area around you. [mutagenic meat]
   446 | D:6      | Gained mutation: You have a pair of small antennae on your head. [mutagenic meat]
   447 | D:6      | Gained mutation: You are resistant to hostile enchantments. [mutagenic meat]
   551 | D:8      | Reached XP level 6. HP: 37/57 MP: 6/6
   601 | D:9      | Found a staircase to the Lair.
   601 | D:9      | Noticed an elephant
   604 | D:10     | Entered Level 10 of the Dungeon
   658 | D:9      | Reached skill level 6 in Axes
   667 | D:9      | Killed an elephant
   667 | D:9      | Reached skill level 7 in Axes
   667 | D:9      | Reached XP level 7. HP: 6/66 MP: 7/7
   687 | Lair:1   | Entered Level 1 of the Lair of Beasts
   731 | Lair:1   | Noticed a yak
   732 | Lair:1   | Noticed a yak
   744 | Lair:1   | Noticed a yak
   745 | Lair:1   | Noticed a yak
   746 | Lair:1   | Noticed a yak
   746 | Lair:1   | Noticed a yak
   756 | Lair:1   | Killed a yak
   756 | Lair:1   | Reached skill level 5 in Armour
   759 | Lair:1   | Killed a yak
   759 | Lair:1   | Reached skill level 5 in Fighting
   759 | Lair:1   | Reached skill level 8 in Axes
   759 | Lair:1   | Reached XP level 8. HP: 46/74 MP: 8/8
   761 | Lair:1   | Killed a yak
   765 | Lair:1   | Killed a yak
   766 | Lair:1   | Killed a yak
   767 | Lair:1   | Killed a yak
   767 | Lair:1   | Reached skill level 9 in Axes
   844 | Lair:1   | Reached skill level 1 in Evocations
   952 | Lair:1   | Noticed a komodo dragon
  1046 | Lair:2   | Noticed a five-headed hydra
  1065 | Lair:2   | Noticed Harold
  1099 | Lair:2   | Gained mutation: You passively map a large area around you. [Deep Dwarf growth]
  1099 | Lair:2   | Reached XP level 9. HP: 76/82 MP: 8/10
  1101 | Lair:2   | Acquired Trog's second power
  1130 | Lair:3   | Noticed a komodo dragon
  1154 | Lair:3   | Killed a komodo dragon
  1238 | Lair:3   | Reached skill level 10 in Axes
  1292 | Lair:4   | Found a hole to the Spider Nest.
  1292 | Lair:4   | Noticed a wolf spider
  1305 | Lair:4   | Killed a wolf spider
  1305 | Lair:4   | Reached skill level 5 in Evocations
  1410 | Lair:5   | Found a staircase to the Shoals.
  1410 | Lair:5   | Noticed a griffon
  1411 | Lair:5   | Noticed a manticore
  1422 | Lair:5   | Killed a manticore
  1427 | Lair:5   | Killed a griffon
  1481 | Lair:5   | Noticed an elephant
  1482 | Lair:5   | Noticed an elephant
  1501 | Lair:5   | Noticed Nessos
  1508 | Lair:5   | Reached XP level 10. HP: 76/92 MP: 14/14
  1521 | Lair:5   | Killed Nessos
  1521 | Lair:5   | Reached skill level 11 in Axes
  1561 | Lair:5   | Noticed a spiny frog
  1582 | Lair:5   | Killed a spiny frog
  1645 | Lair:6   | Lost mutation: You passively map a large area around you. [helix card]
  1646 | Lair:6   | Drew Focus: Str increased to 24, Int decreased to 8
  1648 | Lair:6   | Lost mutation: You are resistant to hostile enchantments. [helix card]
  1648 | Lair:6   | Gained mutation: You are partially covered in rough black scales (AC +4, Dex -1). [helix card]
  1784 | Lair:6   | Noticed a death yak
  1785 | Lair:6   | Noticed a death yak
  1785 | Lair:6   | Noticed a death yak
  1785 | Lair:6   | Noticed a death yak
  1786 | Lair:6   | Noticed a death yak
  1810 | Lair:6   | Noticed Maud
  1817 | Lair:6   | Killed a death yak
  1817 | Lair:6   | Reached skill level 12 in Axes
  1819 | Lair:6   | Reached XP level 11. HP: 9/100 MP: 15/15
  1819 | Lair:6   | Slain by Maud

Vault maps used:
D:1:      matt_arrival_refuge, st_stairs_1, feat_on_display
D:2:      serial_forest, infiniplex_forest_clump_small,
          infiniplex_forest_straight_1, infiniplex_forest_join,
          infiniplex_forest_end_2, infiniplex_forest_lined_1,
          infiniplex_forest_end_3, infiniplex_forest_clump_medium, uniq_jessica
D:3:      tso_oasis_becter, first_bread, uniq_terence, uniq_natasha
D:4:      lemuel_doored_altar, gammafunk_temple_overflow_forgotten,
          makhleb_altar_promises_db, temple_fountains
D:5:      nicolae_overflow_crystal_walls, serial_shops, nicolae_shop_trees
D:6:      hangedman_decor_points
D:7:      trog_ov_bears_minmay, basic_altar, grunt_livestock
D:8:      kennysheep_mini_moat, gammafunk_temple_overflow_wave
D:9:      david_lair_generic, grunt_decor_resistance
Lair:1:   serial_bayou_shore_b, infiniplex_staircase_pool, grunt_megastairs_2
Lair:2:   uniq_harold
Lair:3:   hibernation_bobbens
Lair:4:   spider_nest_entry_rubble, serial_bayou_shore_a
Lair:5:   minmay_shoals_entry_beasts, small_statue_intersection, zaba_anthole,
          nicolae_quartered_pool_little, lemuel_fruit_tree, lemuel_fruit_fields,
          uniq_nessos
Lair:6:   beast_lair_carwin_large_2, dpeg_slime_entry_corner, uniq_josephine,
          uniq_maud

Action                   |  1- 3 |  4- 6 |  7- 9 | 10-12 || total
-------------------------+-------+-------+-------+-------++-------
Melee: Hand axe          |    21 |    45 |    82 |       ||   148
       War axe           |       |       |    14 |    69 ||    83
Invok: Berserk           |     2 |     3 |    10 |     3 ||    18
       Trog's Hand       |       |       |     6 |     8 ||    14
       Burn Spellbooks   |       |       |       |     1 ||     1
 Abil: Device Recharging |       |       |     1 |     2 ||     3
Evoke: Wand              |       |     1 |     9 |    12 ||    22
       Deck              |       |       |       |     4 ||     4
  Use: Potion            |     1 |     4 |     2 |     2 ||     9
       Scroll            |       |       |     7 |     1 ||     8
 Stab: Paralysed         |       |       |       |     3 ||     3
  Eat: Chunk             |       |     7 |    14 |     6 ||    27
